 Dungeon Crawl Stone Soup version 0.28-a0-1147-gc7b72d3202 (webtiles) character file.

Game seed: 8892711088600742662

275 ChaosChampion the Conjurer (level 6, -2/48 HPs)
             Began as a Deep Elf Conjurer on Dec 14, 2021.
             Killed from afar by an orc wizard (8 damage)
             ... with a puff of flame
             ... on level 4 of the Dungeon.
             The game lasted 00:04:25 (3452 turns).

ChaosChampion the Conjurer (Deep Elf Conjurer)      Turns: 3452, Time: 00:04:26

Health: -2/48      AC: 23    Str:  4    XL:     6   Next: 3%
Magic:  1/15       EV:  2    Int: 25    God:
Gold:   70         SH:  0    Dex: 13    Spells: 4/14 levels left

rFire   . . .      SeeInvis .   (no weapon)
rCold   . . .      Faith    .   (no shield)
rNeg    . . .      Spirit   .   (armour currently unavailable)
rPois   +          Reflect  .   (helmet currently unavailable)
rElec   .          Harm     .   (cloak currently unavailable)
rCorr   .          Rampage  .   (gloves currently unavailable)
Will    .....      NoTele   +   (boots currently unavailable)
Stlth   +++.......              (no amulet)
HPRegen 0.16/turn               (no ring)
MPRegen 0.14/turn               (no ring)

@: tree-form, very slightly contaminated
A: stationary, stasis, torment immunity, boosted hp
a: no special abilities


You were on level 4 of the Dungeon.
You were a tree.
You visited 1 branch of the dungeon, and saw 4 of its levels.

You collected 70 gold pieces.

Inventory:

Armour
 a - a +0 robe (melded)
Jewellery
 b - a ring of fire
Scrolls
 d - a scroll of blinking {unknown}
 f - a scroll of vulnerability {unknown}
 g - 3 scrolls of identify {unknown}
 k - a scroll of immolation {unknown}
 l - 3 scrolls of fog {unknown}
 n - 2 scrolls of teleportation {unknown}
Potions
 c - a potion of lignification
 e - a potion of experience {unknown}
 h - 2 potions of resistance {unknown}
 i - a potion of heal wounds {unknown}
 j - a potion of invisibility {unknown}
 m - a potion of might {unknown}
 o - a potion of curing {unknown}


   Skills:
 - Level 2.4 Dodging
 + Level 4.3 Stealth
 + Level 4.6 Spellcasting
 + Level 5.3 Conjurations
 * Level 2.4 Hexes
 * Level 1.9 Summonings
 * Level 2.0 Translocations


You had 4 spell levels left.
You knew the following spells:

 Your Spells              Type           Power      Damage    Failure   Level
a - Magic Dart            Conj           100%       1d8       1%          1
b - Searing Ray           Conj           64%        2d6       1%          2
c - Summon Guardian Gole  Hex/Summ       16%        N/A       11%         3
d - Iskenderun's Mystic   Conj/Tloc      24%        2d7       19%         4

Your spell library contained the following spells:

 Spells                   Type           Power      Damage    Failure   Level
 Summon Small Mammal      Summ           60%        N/A       3%          1
 Dazzling Flash           Conj/Hex       50%        N/A       4%          3
 Call Canine Familiar     Summ           15%        N/A       12%         3
 Fulminant Prism          Conj/Hex       12%        3d9       17%         4


Dungeon Overview and Level Annotations

Branches:
Dungeon (4/15)
 Temple: D:4-7

Altars:
Dithmenos
Hepliaklqana
Trog

Shops:
D:2 [

Portals:
Ossuary: D:4


Message History

Casting: Iskenderun's Mystic Blast (quite dangerous; 19% risk of failure)
Confirm with . or Enter, or press ? or * to list all spells.
Aiming: Magic Dart (safe; 1% risk of failure)
Press: ? - help, Shift-Dir - straight line, f - adder, p - phantom
Aim: an adder (almost dead, 100% to hit)
The magic dart hits the adder!
You kill the adder!
You hear some strange, mumbled words.
A puff of flame appears from out of thin air!
The puff of flame hits you but does no damage.
Your Translocations skill increases to level 2!
Casting: Magic Dart (safe; 1% risk of failure)
Confirm with . or Enter, or press ? or * to list all spells.
The spell is quite dangerous to miscast (19% risk of failure)!
Continue anyway?
You miscast Iskenderun's Mystic Blast.
You are very lightly contaminated with residual magic.
Sparks fly from your branches.
* * * LOW HITPOINT WARNING * * *
The kobold hits you but does no damage. Something hits you but does no damage.
The phantom hits you but does no damage.
A phantom comes into view.
The kobold hits you but does no damage. Something hits you but does no damage.
The phantom hits you but does no damage.
The kobold hits you but does no damage. Something hits you.
* * * LOW HITPOINT WARNING * * *
The phantom hits you but does no damage.
The kobold hits you with a +0 whip.
* * * LOW HITPOINT WARNING * * *
Something hits you but does no damage.
The phantom hits you but does no damage.
The bullfrog skeleton hits you but does no damage.
The kobold hits you but does no damage.
The bullfrog skeleton hits you but does no damage.
You hear some strange, mumbled words.
A puff of flame appears from out of thin air!
The puff of flame hits you!
You die...

.... .. #.. ... ##..
# #...##..# .##. .
#.......###.......
..##.......#.......
....#.#...........
##.W.##Z.........
#....W♣K......... ..
####.#.{......###
..#
#..........######..#
#.#...†............#
#.##.....##...#...##
#.........#<.8...#.8
............#....##
........#.##......#
.....##.#...#...$..


You could see 2 phantoms, a kobold and a bullfrog skeleton.

Vanquished Creatures
  A phantom (D:3)
  An orc priest (D:3)
  2 orc wizards (D:3)
  4 adders
  2 dart slugs
  9 orcs
  5 bats
  7 endoplasms
  6 giant cockroaches
  8 hobgoblins
  3 kobolds (D:3)
  7 quokkas
  5 ball pythons
  4 frilled lizards
  4 goblins
  6 rats
74 creatures vanquished.

Vanquished Creatures (others)
  A withered plant (D:1)
1 creature vanquished.

Grand Total: 75 creatures vanquished

Notes
Turn   | Place    | Note
-------+----------+-------------------------------------------
     0 | D:1      | ChaosChampion the Deep Elf Conjurer began the quest for the
                  | Orb.
     0 | D:1      | Reached XP level 1. HP: 10/10 MP: 6/6
   204 | D:1      | Found a faded altar of an unknown god.
   254 | D:1      | Reached XP level 2. HP: 15/15 MP: 5/8
   354 | D:1      | Learned a level 2 spell: Searing Ray
   740 | D:1      | Reached XP level 3. HP: 19/19 MP: 5/10
  1356 | D:2      | Found Qaolloly's Antique Armour Boutique.
  1457 | D:2      | Reached skill level 5 in Conjurations
  1887 | D:3      | Found a bloodstained altar of Trog.
  2013 | D:3      | Reached XP level 4. HP: 24/24 MP: 9/12
  2238 | D:3      | Found a hazy altar of Hepliaklqana.
  2369 | D:3      | Noticed a phantom
  2385 | D:3      | Learned a level 3 spell: Summon Guardian Golem
  2390 | D:3      | Learned a level 4 spell: Iskenderun's Mystic Blast
  2698 | D:3      | Reached skill level 1 in Hexes
  2705 | D:3      | Reached skill level 1 in Summonings
  2705 | D:3      | Reached skill level 1 in Translocations
  2705 | D:3      | Reached XP level 5. HP: 26/28 MP: 6/13
  2950 | D:3      | Killed a phantom
  3276 | D:4      | Found a sand-covered staircase.
  3282 | D:4      | Noticed a phantom
  3437 | D:4      | Found a shadowy altar of Dithmenos.
  3446 | D:4      | Reached XP level 6. HP: 13/32 MP: 5/15
  3452 | D:4      | Killed from afar by an orc wizard

Illustrated notes

Levels and vault maps discovered:
D:1:      tarquinn_simple_flora_water_f, layout_basic,
          ebering_ecumenical_altar_petrified
D:2:      layout_loops_cross, serial_shops, nicolae_shop_overgrown_old_shop
D:3:      layout_loops_ring, lemuel_crystal_altar,
          mainiacjoe_overflow_boulevard, serial_rivers,
          chequers_serial_rivers_micro_c, chequers_serial_rivers_micro_b,
          chequers_serial_rivers_large_b, chequers_serial_rivers_room_b,
          chequers_serial_rivers_room_b, chequers_serial_rivers_micro_c,
          guppyfry_early_lair_pool
D:4:      layout_rooms, gammafunk_temple_overflow_claw,
          nicolae_dithmenos_shadow_blocks, gammafunk_ghost_cemetery,
          lightli_ossuary_entry_decrepit_ruins

Skill      XL: |  1  2  3  4  5  6 |
---------------+-------------------+-----
Stealth        | 3 4 |  4.3
Spellcasting   | 4 |  4.6
Conjurations   | 5 |  5.3
Hexes          | 1 2 |  2.4
Summonings     | 1 |  1.9
Translocations | 1 2 |  2.0
Dodging        | |  2.4

Action                   |  1- 3 |  4- 6 || total
-------------------------+-------+-------++-------
Melee: Unarmed           |    12 |     1 ||    13
 Cast: Magic Dart        |    72 |    29 ||   101
       Searing Ray       |     4 |    20 ||    24
       Iskenderun's Myst |       |     1 ||     1
  Use: Potion            |       |     1 ||     1
Armor: Robe              |     1 |     1 ||     2
       Skin              |       |    29 ||    29
Dodge: Dodged            |     9 |     8 ||    17

Table legend: (Time is in decaauts)
 A = Elapsed time spent in this place.
 B = Non-inter-level travel time spent in this place.
 C = Inter-level travel time spent in this place.
 D = Time resting spent in this place.
 E = Time spent auto-exploring this place.
 F = Levels seen in this place.
 G = Mean time per level.
                   A        B        C        D        E       F      G
               +--------+--------+--------+--------+--------+-----+--------+
         Total |   3530 |   3402 |    128 |    232 |   2756 |   4 |  882.5 |
       Dungeon |   3530 |   3402 |    128 |    232 |   2756 |   4 |  882.5 |
               +--------+--------+--------+--------+--------+-----+--------+

Top non-repeatable levels by time:
     D:3: 1733 daAuts
     D:1: 1065 daAuts
     D:2: 689 daAuts
     D:4: 42 daAuts
